BSA
JERSEY SHORE D-BAGS @ KALAMAZOO ROYALE WITH CHEESE
07/03/2029
 
TOP OF THE 1ST
Jersey Shore D-Bags batting - Pitching for Kalamazoo Royale with Cheese : LHP Lorenzo Sánchez
Pitching: LHP Lorenzo Sánchez
Batting: RHB Ricardo González 0-0: Swinging Strike
0-1: Called Strike
0-2: Reached on error, E5 (Flyball, 5D)
Batting: RHB Mike Ingram 0-0: Ball
1-0: Ball
2-0: Called Strike
2-1: DOUBLE (Flyball, 89XD)
Ricardo González to third
Runner from 3rd tries for Home, SAFE, no throw
Batting: RHB Miguel Serna 0-0: Called Strike
0-1: Foul Ball, location: 2F
0-2: Foul Ball, location: 2F
0-2: Foul Ball, location: 2F
0-2: Ball
1-2: Strikes out swinging
Batting: RHB Ben Morton 0-0: Ground out 6-3 (Groundball, 56)
Batting: LHB António Cedeño 0-0: Ball
1-0: Called Strike
1-1: Called Strike
1-2: Fly out, F9 (Flyball, 9S)
Top of the 1st over - 1 run, 1 hit, 1 error, 1 left on base; Jersey Shore 1 - Kalamazoo 0
BOTTOM OF THE 1ST
Kalamazoo Royale with Cheese batting - Pitching for Jersey Shore D-Bags : RHP Bob Moss
Pitching: RHP Bob Moss
Batting: LHB Javier Espinoza 0-0: Called Strike
0-1: Ball
1-1: Foul Ball, location: 2F
1-2: Ground out 4-3 (Groundball, 4)
Batting: SHB Caden Keith 0-0: Ball
1-0: Called Strike
1-1: SINGLE (Groundball, 5D)
Batting: RHB Tae-kwon Kwon 0-0: Called Strike
0-1: Ball
1-1: Ball
2-1: Swinging Strike
2-2: SINGLE (Groundball, 34S) (infield hit)
Caden Keith to second
Batting: LHB Roberto Sandoval 0-0: Ball
1-0: Ball
2-0: Ball
3-0: Base on Balls
Caden Keith to third
Tae-kwon Kwon to second
Batting: RHB Zander Tremblett 0-0: Ball
1-0: Swinging Strike
1-1: Ball
2-1: Foul Ball, location: 2F
2-2: Ball
3-2: Foul Ball, location: 2F
3-2: SINGLE (Line Drive, 89S)
Caden Keith scores
Tae-kwon Kwon to third
Roberto Sandoval to second
Runner from 3rd tries for Home, SAFE, no throw
Batting: LHB Bill McJannett 0-0: Ball
1-0: Ball
2-0: Ball
3-0: SINGLE (Groundball, 34D)
Roberto Sandoval to third
Zander Tremblett to second
Runner from 3rd tries for Home, SAFE, throw made home
Batting: LHB Ricardo Romero 0-0: Called Strike
0-1: Called Strike
0-2: Fielders Choice at 2nd, 6-4 (Groundball, 6M)
Zander Tremblett to third
Batting: RHB Jimmy Simon 0-0: Called Strike
0-1: Ball
1-1: Swinging Strike
1-2: Ball
2-2: Strikes out looking
Bottom of the 1st over - 3 runs, 4 hits, 0 errors, 2 left on base; Jersey Shore 1 - Kalamazoo 3
TOP OF THE 2ND
Jersey Shore D-Bags batting - Pitching for Kalamazoo Royale with Cheese : LHP Lorenzo Sánchez
Batting: RHB Pat Fullerton 0-0: Ball
1-0: Foul Ball, location: 2F
1-1: Ball
2-1: Swinging Strike
2-2: Foul Ball, location: 2F
2-2: Ball
3-2: Strikes out swinging
Batting: RHB Carlos Pérez 0-0: Ball
1-0: Ball
2-0: Ball
3-0: Base on Balls
Batting: LHB Ed Murray 0-0: Ground out 4-3 (Groundball, 34)
Carlos Pérez to second
Batting: RHB Lowie van den Bogaert 0-0: Ball
1-0: Ball
2-0: Foul Ball, location: 2F
2-1: Ground out 5-3 (Groundball, 5L)
Top of the 2nd over - 0 runs, 0 hits, 0 errors, 1 left on base; Jersey Shore 1 - Kalamazoo 3
BOTTOM OF THE 2ND
Kalamazoo Royale with Cheese batting - Pitching for Jersey Shore D-Bags : RHP Bob Moss
Batting: LHB Keith Tillman 0-0: Ball
1-0: DOUBLE (Flyball, 8LD)
Batting: LHB Javier Espinoza 0-0: Ball
1-0: Ball
2-0: Called Strike
2-1: Ground out U3 (Groundball, 3)
Keith Tillman to third
Batting: SHB Caden Keith 0-0: Foul Ball, location: 2F
0-1: Ball
1-1: Ball
2-1: SINGLE (Flyball, 8LS)
Keith Tillman scores
Batting: RHB Tae-kwon Kwon 0-0: SINGLE (Line Drive, 6D)
Caden Keith to second
Batting: LHB Roberto Sandoval 0-0: Called Strike
0-1: Ball
Caden Keith steals 3rd base
1-1: SINGLE (Line Drive, 8RS)
Caden Keith scores
Tae-kwon Kwon to second
Batting: RHB Zander Tremblett 0-0: Ball
1-0: Ground out 3-1 (Groundball, 34S)
Tae-kwon Kwon to third
Roberto Sandoval to second
Batting: LHB Bill McJannett 0-0: Ground out 5-3 (Groundball, 56)
Bottom of the 2nd over - 2 runs, 4 hits, 0 errors, 2 left on base; Jersey Shore 1 - Kalamazoo 5
TOP OF THE 3RD
Jersey Shore D-Bags batting - Pitching for Kalamazoo Royale with Cheese : LHP Lorenzo Sánchez
Batting: RHB Ricardo González 0-0: Called Strike
0-1: Foul Ball, location: 2F
0-2: Fly out, F4 (Line Drive, 4)
Batting: RHB Mike Ingram 0-0: Called Strike
0-1: Ball
1-1: Fly out, F4 (Popup, 4MD)
Batting: RHB Miguel Serna 0-0: Ball
1-0: Called Strike
1-1: Swinging Strike
1-2: Strikes out swinging
Top of the 3rd over - 0 runs, 0 hits, 0 errors, 0 left on base; Jersey Shore 1 - Kalamazoo 5
BOTTOM OF THE 3RD
Kalamazoo Royale with Cheese batting - Pitching for Jersey Shore D-Bags : RHP Bob Moss
Batting: LHB Ricardo Romero 0-0: Ball
1-0: Called Strike
1-1: Foul Ball, location: 2F
1-2: Ball
2-2: Foul Ball, location: 2F
2-2: Ground out U3 (Groundball, 3)
Batting: RHB Jimmy Simon 0-0: Swinging Strike
0-1: Called Strike
0-2: Strikes out swinging
Batting: LHB Keith Tillman 0-0: Foul Ball, location: 2F
0-1: Ball
1-1: SINGLE (Line Drive, 9LS)
Batting: LHB Javier Espinoza 0-0: Ball
1-0: Ball
2-0: Called Strike
2-1: Foul Ball, location: 2F
2-2: Ball
3-2: Fly out, F8 (Flyball, 8LXD)
Bottom of the 3rd over - 0 runs, 1 hit, 0 errors, 1 left on base; Jersey Shore 1 - Kalamazoo 5
TOP OF THE 4TH
Jersey Shore D-Bags batting - Pitching for Kalamazoo Royale with Cheese : LHP Lorenzo Sánchez
Batting: RHB Ben Morton 0-0: Called Strike
0-1: SINGLE (Groundball, 56D)
Batting: LHB António Cedeño 0-0: Foul Ball, location: 2F
0-1: 2-RUN HOME RUN (Flyball, 7D), Distance : 386 ft
Batting: RHB Pat Fullerton 0-0: Ball
1-0: Called Strike
1-1: Called Strike
1-2: Foul Ball, location: 2F
1-2: Strikes out looking
Batting: RHB Carlos Pérez 0-0: Foul Ball, location: 2F
0-1: Swinging Strike
0-2: Ball
1-2: Foul Ball, location: 2F
1-2: Ball
2-2: Foul Ball, location: 2F
2-2: Ground out 5-3 (Groundball, 56)
Batting: LHB Ed Murray 0-0: Called Strike
0-1: Foul Ball, location: 2F
0-2: Ball
1-2: Strikes out swinging
Top of the 4th over - 2 runs, 2 hits, 0 errors, 0 left on base; Jersey Shore 3 - Kalamazoo 5
BOTTOM OF THE 4TH
Kalamazoo Royale with Cheese batting - Pitching for Jersey Shore D-Bags : RHP Bob Moss
Batting: SHB Caden Keith 0-0: Ball
1-0: Called Strike
1-1: Ground out 4-3 (Groundball, 34)
Batting: RHB Tae-kwon Kwon 0-0: Swinging Strike
0-1: Ball
1-1: SINGLE (Groundball, 34D)
Batting: LHB Roberto Sandoval 0-0: Ball
1-0: Called Strike
1-1: Ball
2-1: Grounds into double play, 5-4-3 (Groundball, 5L)
Bottom of the 4th over - 0 runs, 1 hit, 0 errors, 0 left on base; Jersey Shore 3 - Kalamazoo 5
TOP OF THE 5TH
Jersey Shore D-Bags batting - Pitching for Kalamazoo Royale with Cheese : LHP Lorenzo Sánchez
Batting: RHB Lowie van den Bogaert 0-0: Ball
1-0: Ball
2-0: Called Strike
2-1: SINGLE (Groundball, 56D)
Batting: RHB Ricardo González 0-0: Called Strike
0-1: Ball
1-1: Ball
2-1: Swinging Strike
2-2: Ball
3-2: Strikes out swinging
Batting: RHB Mike Ingram 0-0: Called Strike
0-1: Called Strike
0-2: DOUBLE (Groundball, 5L)
Lowie van den Bogaert to third
Batting: RHB Miguel Serna 0-0: Foul Ball, location: 2F
0-1: Fly out, F9 (Flyball, 9)
Runner from 3rd tags up, OUT at HOME
Top of the 5th over - 0 runs, 2 hits, 0 errors, 1 left on base; Jersey Shore 3 - Kalamazoo 5
BOTTOM OF THE 5TH
Kalamazoo Royale with Cheese batting - Pitching for Jersey Shore D-Bags : RHP Bob Moss
Batting: RHB Zander Tremblett 0-0: Foul Ball, location: 2F
0-1: Ball
1-1: Ball
2-1: Ground out 6-3 (Groundball, 6D)
Batting: LHB Bill McJannett 0-0: SINGLE (Flyball, 9LM)
Batting: LHB Ricardo Romero 0-0: Ball
1-0: Fly out, F7 (Flyball, 7LS)
Batting: RHB Jimmy Simon 0-0: Ground out 5-3 (Groundball, 56S)
Bottom of the 5th over - 0 runs, 1 hit, 0 errors, 1 left on base; Jersey Shore 3 - Kalamazoo 5
TOP OF THE 6TH
Jersey Shore D-Bags batting - Pitching for Kalamazoo Royale with Cheese : LHP Lorenzo Sánchez
Batting: RHB Ben Morton 0-0: SINGLE (Line Drive, 89S)
Batting: LHB António Cedeño 0-0: Foul Ball, location: 2F
0-1: Ball
1-1: Ball
2-1: TRIPLE (Flyball, 89XD)
Ben Morton scores
Batting: RHB Pat Fullerton 0-0: Ball
Wild Pitch!
António Cedeño scores
1-0: Foul Ball, location: 2F
1-1: Ball
2-1: Ball
3-1: Foul Ball, location: 2F
3-2: Ground out 5-3 (Groundball, 56S)
Pitching: RHP Armen Boyajian
Batting: RHB Carlos Pérez 0-0: Swinging Strike
0-1: Swinging Strike
0-2: Ball
1-2: Strikes out swinging, 2-3 out at first.
Batting: LHB Ed Murray 0-0: Ball
1-0: Called Strike
1-1: Fly out, F9 (Flyball, 89S)
Top of the 6th over - 2 runs, 2 hits, 0 errors, 0 left on base; Jersey Shore 5 - Kalamazoo 5
BOTTOM OF THE 6TH
Kalamazoo Royale with Cheese batting - Pitching for Jersey Shore D-Bags : RHP Bob Moss
Pitching: LHP Ramón Ruíz
Batting: LHB Keith Tillman 0-0: Ball
1-0: Ball
2-0: Foul Ball, location: 2F
2-1: Foul Ball, location: 2F
2-2: Ball
3-2: Strikes out swinging
Batting: LHB Javier Espinoza 0-0: Ball
1-0: SOLO HOME RUN (Flyball, 89XD), Distance : 429 ft
Batting: SHB Caden Keith 0-0: Fly out, F6 (Popup, 6)
Batting: RHB Tae-kwon Kwon 0-0: Ball
1-0: Swinging Strike
1-1: Fly out, F9 (Flyball, 9)
Bottom of the 6th over - 1 run, 1 hit, 0 errors, 0 left on base; Jersey Shore 5 - Kalamazoo 6
TOP OF THE 7TH
Jersey Shore D-Bags batting - Pitching for Kalamazoo Royale with Cheese : RHP Armen Boyajian
Batting: RHB Lowie van den Bogaert 0-0: Ball
1-0: Foul Ball, location: 2F
1-1: Hit by Pitch
Batting: RHB Ricardo González 0-0: Ball
1-0: Bunted foul
1-1: Bunted foul
1-2: Ball
2-2: Ball
3-2: Foul Ball, location: 2F
3-2: Foul Ball, location: 2F
3-2: Ground out 3-1 (Groundball, 34S)
Lowie van den Bogaert to second
Batting: RHB Mike Ingram 0-0: Ball
1-0: Ball
2-0: Foul Ball, location: 2F
2-1: Fly out, F7 (Flyball, 7LM)
Batting: RHB Miguel Serna 0-0: Foul Ball, location: 2F
0-1: Foul Ball, location: 2F
0-2: SINGLE (Line Drive, 4D)
Lowie van den Bogaert to third
Runner from 3rd tries for Home, SAFE, no throw
Batting: RHB Ben Morton 0-0: Ball
1-0: Swinging Strike
1-1: Fly out, F8 (Flyball, 89D)
Top of the 7th over - 1 run, 1 hit, 0 errors, 1 left on base; Jersey Shore 6 - Kalamazoo 6
BOTTOM OF THE 7TH
Kalamazoo Royale with Cheese batting - Pitching for Jersey Shore D-Bags : LHP Ramón Ruíz
Batting: LHB Roberto Sandoval 0-0: DOUBLE (Line Drive, 89D)
Batting: RHB Zander Tremblett 0-0: SINGLE (Groundball, 6MD)
Roberto Sandoval to third
Runner from 3rd tries for Home, throw and OUT!
Pinch Hitting: RHB José Velásquez 0-0: Called Strike
0-1: Swinging Strike
0-2: Grounds into double play, 1-6-3 (Groundball, 13)
Bottom of the 7th over - 0 runs, 2 hits, 0 errors, 0 left on base; Jersey Shore 6 - Kalamazoo 6
TOP OF THE 8TH
Jersey Shore D-Bags batting - Pitching for Kalamazoo Royale with Cheese : RHP Armen Boyajian
Pitching: RHP Frank Davis
Now in LF: José Velásquez
Batting: LHB António Cedeño 0-0: Ball
1-0: Foul Ball, location: 2F
1-1: Called Strike
1-2: Fly out, F3 (Popup, 3SF)
Pinch Hitting: LHB Albert Morgan 0-0: Ball
1-0: Ball
2-0: Ball
3-0: Base on Balls
Pinch Hitting: LHB Marcos Villarreal 0-0: Grounds into double play, 5-4-3 (Groundball, 56)
Top of the 8th over - 0 runs, 0 hits, 0 errors, 0 left on base; Jersey Shore 6 - Kalamazoo 6
BOTTOM OF THE 8TH
Kalamazoo Royale with Cheese batting - Pitching for Jersey Shore D-Bags : LHP Ramón Ruíz
Now at 2B: José Pinto
Now in RF: Albert Morgan
Pinch Hitting: LHB Vincente Sáenz 0-0: Ball
1-0: Swinging Strike
1-1: Swinging Strike
1-2: Strikes out swinging
Batting: RHB Jimmy Simon 0-0: Ball
1-0: Called Strike
1-1: Called Strike
1-2: Ball
2-2: Foul Ball, location: 2F
2-2: Ball
3-2: SINGLE (Groundball, 56D)
Batting: LHB Keith Tillman 0-0: Ball
1-0: Foul Ball, location: 2F
1-1: Called Strike
1-2: Fielders Choice at 2nd, 4-6 (Groundball, 34D)
Batting: LHB Javier Espinoza 0-0: Called Strike
0-1: Called Strike
0-2: Ground out 6-3 (Groundball, 6MD)
Bottom of the 8th over - 0 runs, 1 hit, 0 errors, 1 left on base; Jersey Shore 6 - Kalamazoo 6
TOP OF THE 9TH
Jersey Shore D-Bags batting - Pitching for Kalamazoo Royale with Cheese : RHP Frank Davis
Now at 1B: Vincente Sáenz
Batting: LHB Ed Murray 0-0: Ball
1-0: Called Strike
1-1: Ball
2-1: Called Strike
2-2: Ground out U3 (Groundball, 3)
Batting: RHB Lowie van den Bogaert 0-0: Swinging Strike
0-1: Called Strike
0-2: Strikes out looking
Batting: RHB Ricardo González 0-0: Ball
1-0: Ball
2-0: Swinging Strike
2-1: Ball
3-1: Base on Balls
Batting: RHB Mike Ingram 0-0: Foul Ball, location: 2F
0-1: Ball
1-1: Ball
2-1: Called Strike
2-2: Strikes out swinging
Top of the 9th over - 0 runs, 0 hits, 0 errors, 1 left on base; Jersey Shore 6 - Kalamazoo 6
BOTTOM OF THE 9TH
Kalamazoo Royale with Cheese batting - Pitching for Jersey Shore D-Bags : LHP Ramón Ruíz
Pitching: LHP Gerald Johnson
Batting: SHB Caden Keith 0-0: Hit by Pitch
Batting: RHB Tae-kwon Kwon 0-0: Called Strike
0-1: Fly out, F9 (Flyball, 9)
Batting: LHB Roberto Sandoval 0-0: Ball
1-0: Foul Ball, location: 2F
1-1: Called Strike
1-2: Strikes out looking
Batting: RHB Zander Tremblett 0-0: Ball
Caden Keith is caught stealing 2nd base
Bottom of the 9th over - 0 runs, 0 hits, 0 errors, 0 left on base; Jersey Shore 6 - Kalamazoo 6
TOP OF THE 10TH
Jersey Shore D-Bags batting - Pitching for Kalamazoo Royale with Cheese : RHP Frank Davis
Pitching: LHP Jason Simpson
Batting: RHB Miguel Serna 0-0: Called Strike
0-1: Ball
1-1: Ball
2-1: Foul Ball, location: 2F
2-2: Foul Ball, location: 2F
2-2: Strikes out looking
Batting: RHB Ben Morton 0-0: Ball
1-0: Ball
2-0: Swinging Strike
2-1: Foul Ball, location: 2F
2-2: Strikes out swinging
Batting: LHB António Cedeño 0-0: Ball
1-0: Foul Ball, location: 2F
1-1: Ball
2-1: Foul Ball, location: 2F
2-2: Foul Ball, location: 2F
2-2: Foul Ball, location: 2F
2-2: Ball
3-2: Base on Balls
Batting: LHB Albert Morgan 0-0: Ball
1-0: Ball
2-0: Called Strike
2-1: Swinging Strike
2-2: Strikes out swinging
Top of the 10th over - 0 runs, 0 hits, 0 errors, 1 left on base; Jersey Shore 6 - Kalamazoo 6
BOTTOM OF THE 10TH
Kalamazoo Royale with Cheese batting - Pitching for Jersey Shore D-Bags : LHP Gerald Johnson
Batting: RHB Zander Tremblett 0-0: Called Strike
0-1: Foul Ball, location: 2F
0-2: Ball
1-2: Ball
2-2: Ground out U3 (Groundball, 34S)
Batting: RHB José Velásquez 0-0: Foul Ball, location: 2F
0-1: Ball
1-1: Ball
2-1: Ground out U3 (Groundball, 34S)
Batting: LHB Vincente Sáenz 0-0: Called Strike
0-1: Swinging Strike
0-2: Strikes out looking
Bottom of the 10th over - 0 runs, 0 hits, 0 errors, 0 left on base; Jersey Shore 6 - Kalamazoo 6
TOP OF THE 11TH
Jersey Shore D-Bags batting - Pitching for Kalamazoo Royale with Cheese : LHP Jason Simpson
Batting: RHB José Pinto 0-0: Called Strike
0-1: Foul Ball, location: 2F
0-2: Ball
1-2: Fly out, F9 (Flyball, 9S)
Batting: LHB Ed Murray 0-0: Swinging Strike
0-1: Ball
1-1: Ground out 1-3 (Groundball, 13)
Batting: RHB Lowie van den Bogaert 0-0: Swinging Strike
0-1: Ball
1-1: Called Strike
1-2: Foul Ball, location: 2F
1-2: Strikes out swinging
Top of the 11th over - 0 runs, 0 hits, 0 errors, 0 left on base; Jersey Shore 6 - Kalamazoo 6
BOTTOM OF THE 11TH
Kalamazoo Royale with Cheese batting - Pitching for Jersey Shore D-Bags : LHP Gerald Johnson
Pitching: RHP John Hall
Batting: RHB Jimmy Simon 0-0: Called Strike
0-1: Called Strike
0-2: Ball
1-2: Foul Ball, location: 2F
1-2: Strikes out swinging, 2-3 out at first.
Batting: LHB Keith Tillman 0-0: SINGLE (Groundball, 56D)
Batting: LHB Javier Espinoza 0-0: Grounds into double play, 5-4-3 (Groundball, 5)
Bottom of the 11th over - 0 runs, 1 hit, 0 errors, 0 left on base; Jersey Shore 6 - Kalamazoo 6
TOP OF THE 12TH
Jersey Shore D-Bags batting - Pitching for Kalamazoo Royale with Cheese : LHP Jason Simpson
Pitching: RHP Roberto Ledesma
Batting: RHB Ricardo González 0-0: Ball
1-0: Ball
2-0: Ball
3-0: Base on Balls
Batting: RHB Mike Ingram 0-0: Called Strike
0-1: Called Strike
0-2: Fly out, F9 (Flyball, 9LM)
Batting: RHB Miguel Serna 0-0: Ball
1-0: SINGLE (Flyball, 8RS)
Ricardo González to second
Batting: RHB Ben Morton 0-0: Ball
1-0: Fly out, F8 (Flyball, 78M)
Batting: LHB António Cedeño 0-0: SINGLE (Groundball, 34S) (infield hit)
Ricardo González to third
Miguel Serna to second
Batting: LHB Albert Morgan 0-0: Called Strike
0-1: Foul Ball, location: 2F
0-2: Ball
1-2: Foul Ball, location: 2F
1-2: Strikes out swinging
Top of the 12th over - 0 runs, 2 hits, 0 errors, 3 left on base; Jersey Shore 6 - Kalamazoo 6
BOTTOM OF THE 12TH
Kalamazoo Royale with Cheese batting - Pitching for Jersey Shore D-Bags : RHP John Hall
Batting: SHB Caden Keith 0-0: Ball
1-0: Foul Ball, location: 2F
1-1: Foul Ball, location: 2F
1-2: Strikes out swinging
Batting: RHB Tae-kwon Kwon 0-0: Foul Ball, location: 2F
0-1: Fly out, F9 (Flyball, 9S)
Batting: LHB Roberto Sandoval 0-0: Ball
1-0: Swinging Strike
1-1: SOLO HOME RUN (Flyball, 9LD), Distance : 374 ft
Saturday, December 16th, 2017 - OOTP Baseball 18.8 Build 76